 Dungeon Crawl Stone Soup version 0.31.0-11-ge490571c62 (webtiles) character file.

Game seed: 17182046944621277883

164963 Flugkiller the Warrior (level 16, -3/157 HPs)
             Began as a Minotaur Fighter on Jan 29, 2024.
             Was a High Priest of Cheibriados.
             Slain by a harpy (30 damage)
             ... on level 2 of the Shoals.
             The game lasted 00:13:55 (22959 turns).

Flugkiller the Warrior (Minotaur Fighter)          Turns: 22959, Time: 00:13:55

Health: -3/157     AC: 30    Str: 42    XL:     16   Next: 79%
Magic:  3/14       EV:  2    Int: 22    God:    Cheibriados [*****.]
Gold:   2036       SH:  0    Dex: 30    Spells: 23/23 levels left

rFire   + . .        B - +2 broad axe (protect)
rCold   + + +        L - +11 tower shield of Indecent Exposure {Int+3 Dex+2 Stlth+}
rNeg    . . .        E - +0 crystal plate armour
rPois   +            (helmet restricted)
rElec   +            y - scarf {shadows}
rCorr   .            g - +2 pair of gloves
SInv    .            D - +0 pair of boots
Will    +++..        x - amulet "Ponisoup" {rElec rPois rC+++ Regen+ MP-9} Stlth
                     m - ring of willpower
HPRegen 1.26/turn    v - ring of Suspected Treachery {rElec rF+ EV+5 Dex+3}
MPRegen 0.14/turn

%: no passive effects
@: sleeping, enlightened, flying, studying Shields, very slow
A: horns 2, retaliatory headbutt, sense surroundings 1
}: 1/15 runes: serpentine
a: Renounce Religion, Bend Time, Temporal Distortion, Slouch, Step From Time


You were on level 2 of the Shoals.
You worshipped Cheibriados.
Cheibriados was extremely pleased with you.
You visited 6 branches of the dungeon, and saw 26 of its levels.
You also visited: Sewer, Bailey and Volcano.

You collected 2433 gold pieces.
You spent 397 gold pieces at shops.

Inventory:

Hand Weapons
 B - a +2 broad axe of protection (weapon)
   (You found it on level 7 of the Dungeon)
 H - a +2 short sword of distortion
   (You took it off Sonja on level 5 of the Lair of Beasts)
Missiles
 a - 6 throwing nets (quivered)
Armour
 g - a +2 pair of gloves (worn)
   (You found it on level 1 of the Dungeon)
 y - a scarf of shadows (worn)
   (You found it on level 1 of the Snake Pit)
 D - a +0 pair of boots (worn)
   (You found it on level 6 of the Dungeon)
 E - a +0 crystal plate armour (worn)
   (You took it off an orc warrior in a bailey)
 L - the +11 tower shield of Indecent Exposure (worn) {Int+3 Dex+2 Stlth+}
   (You found it on level 3 of the Lair of Beasts)

   Int+3:     It affects your intelligence (+3).
   Dex+2:     It affects your dexterity (+2).
   Stlth+:    It makes you more stealthy.
 Q - a +1 kite shield of fire resistance
   (You took it off a naga warrior on level 4 of the Snake Pit)
Jewellery
 c - a ring of protection from cold
   (You found it on level 11 of the Dungeon)
 i - a ring of see invisible
   (You took it off Erica on level 1 of the Lair of Beasts)
 j - a +4 ring of slaying
   (You found it on level 3 of the Dungeon)
 m - a ring of willpower (left hand)
   (You found it on level 4 of the Dungeon)
 p - a +4 ring of protection
   (You found it on level 7 of the Dungeon)
 v - the ring of Suspected Treachery (right hand) {rElec rF+ EV+5 Dex+3}
   (You found it on level 10 of the Dungeon)

   [ring of evasion]

   EV+5:      It affects your evasion (+5).
   Dex+3:     It affects your dexterity (+3).
   rF+:       It protects you from fire.
   rElec:     It insulates you from electricity.
 x - the amulet "Ponisoup" (around neck) {rElec rPois rC+++ Regen+ MP-9}
   (You acquired it on level 5 of the Lair of Beasts)

   [amulet of regeneration]

   rC+++:     It renders you almost immune to cold.
   rElec:     It insulates you from electricity.
   rPois:     It protects you from poison MP-9: It affects your magic capacity
   (-9).
   Regen+:    It increases your rate of health regeneration.
 F - a ring of willpower
   (You found it on level 10 of the Dungeon)
Wands
 e - a wand of charming (4)
   (You found it on level 3 of the Lair of Beasts)
 A - a wand of iceblast (12)
   (You took it off an orc warrior on level 11 of the Dungeon)
 G - a wand of mindburst (23)
   (You found it on level 10 of the Dungeon)
 P - a wand of acid (4)
   (You found it on level 4 of the Snake Pit)
Scrolls
 b - a scroll of fear
 f - 2 scrolls of immolation
 h - 2 scrolls of fog
 n - a scroll of silence
 r - 4 scrolls of identify
 t - 4 scrolls of teleportation
 z - 5 scrolls of blinking
 C - 2 scrolls of summoning
 I - 3 scrolls of vulnerability
 M - a scroll of revelation
Potions
 d - 4 potions of might
 k - 4 potions of enlightenment
 l - 4 potions of cancellation
 q - 4 potions of curing
 s - a potion of invisibility
 u - 4 potions of mutation
 w - 3 potions of heal wounds
 J - a potion of lignification
 K - a potion of berserk rage


   Skills:
 + Level 18.2 Fighting
 - Level 18.0 Axes
 + Level 17.5 Armour
 + Level 11.0 Dodging
 + Level 16.2 Shields
 + Level 4.2 Spellcasting
 + Level 10.7 Invocations


You had 23 spell levels left.
You didn't know any spells.
Your spell library contained the following spells:

 Spells                   Type           Power      Damage    Failure   Level
 Ensorcelled Hibernation  Hex/Ice        8%         N/A       86%         2
 Frozen Ramparts          Ice            8%         1d2       98%         3
 Fugue of the Fallen      Necr           4%         N/A       98%         3
 Inner Flame              Hex/Fire       4%         N/A       98%         3
 Ozocubu's Armour         Ice            4%         N/A       98%         3
 Stone Arrow              Conj/Erth      8%         3d7       98%         3
 Anguish                  Hex/Necr       2%         N/A       100%        4
 Animate Armour           Summ/Erth      8%         N/A       100%        4
 Cause Fear               Hex            2%         N/A       100%        4
 Flame Wave               Conj/Fire      4%         2d5       100%        4
 Leda's Liquefaction      Alch/Erth      2%         N/A       100%        4
 Manifold Assault         Tloc           4%         N/A       100%        4
 Petrify                  Alch/Erth      4%         N/A       100%        4
 Sticky Flame             Fire/Alch      4%         2d4       100%        4
 Summon Lightning Spire   Summ/Air       4%         N/A       100%        4
 Lee's Rapid Deconstruct  Erth           2%         3d4*      100%        5
 Metabolic Englaciation   Hex/Ice        2%         N/A       100%        5
 Dispersal                Tloc           2%         N/A       100%        6
 Sculpt Simulacrum        Ice/Alch       2%         N/A       100%        6
 Enfeeble                 Hex            2%         N/A       100%        7
 Disjunction              Tloc           2%         N/A       100%        8
 Lehudib's Crystal Spear  Conj/Erth      2%         10d2      100%        8


Dungeon Overview and Level Annotations

Branches:
Dungeon (12/15)            Temple (1/1) D:6            Lair (5/5) D:11
 Shoals (2/4) Lair:3        Snake (4/4) Lair:3        Slime (0/5) Lair:5
    Orc (2/2) D:11            Elf (0/3) Orc:2         Sewer (visited)
 Bailey (visited)         Volcano (visited)

Altars:
Ashenzari
Cheibriados
Dithmenos
Elyvilon
Fedhas
Gozag
Hepliaklqana
Kikubaaqudgha
Makhleb
Nemelex Xobeh
Okawaru
Qazlal
Ru
Sif Muna
Trog
Uskayaw
Vehumet
Wu Jian
Xom
Yredelemnul
Zin
The Shining One
Jiyva

Shops:
D:1 !   D:8 ?=   D:9 (   D:11 *   Orc:2 :(!:   Snake:3 *

Portals:
Abyss: D:4

Annotations:
D:4 2 transporters, Daviar's ghost, weakling HuDe
Lair:2 2 transporters, Zoobame's ghost, journeyman DEHW
Lair:5 1 runed translucent door


Innate Abilities, Weirdness & Mutations

You have a pair of horns on your head.
You reflexively headbutt those who attack you in melee.
You passively map a small area around you.


Message History

You gasp with relief as air once again reaches your lungs.
The water elemental is engulfed in calcifying dust.
The water elemental is moving more slowly.
You block the water elemental's attack.
The snapping turtle attacks as it pursues you!
You block the snapping turtle's attack. The sea snake misses you.
The snapping turtle completely misses you.
The water nymph is engulfed in calcifying dust.
The water nymph stops moving altogether!
The sea snake barely misses you.
Unknown command.
You can feel time thicken for a moment.
You kill the death yak!
Cheibriados appreciates the change of pace.
You kill the wind drake!
Cheibriados appreciates the change of pace.
You block the death yak's attack.
The merfolk hits you from afar with a +0 trident!
* * * LOW HITPOINT WARNING * * *
The water nymph is engulfed in calcifying dust.
You block the sea snake's attack. You block the snapping turtle's attack.
You block the catoblepas's attack.
Unknown command.
You can feel time thicken for a moment.
You destroy the water elemental!
Cheibriados appreciates the change of pace.
You kill the sea snake!
Cheibriados appreciates the change of pace.
You destroy the water elemental!
Cheibriados appreciates the change of pace.
Cheibriados lowers the support of your attributes as your movement quickens.
The water elemental completely misses you.
You block the merfolk's attack. You block the death yak's attack.
The water nymph is engulfed in calcifying dust.
The catoblepas breathes a plume of calcifying dust at you.
The blast of calcifying dust hits you but does no damage.
The wind drake flaps its wings at you. The air twists around and strikes you.
* * * LOW HITPOINT WARNING * * *
You block the snapping turtle's attack.
Unknown command.
Unknown command.
You block the water elemental's attack. You block the death yak's attack.
You block the merfolk's attack.
The water nymph is engulfed in calcifying dust.
The snapping turtle attacks as it pursues you!
You block the snapping turtle's attack.
The wind drake exhales a fierce blast of wind!
You are knocked back by the gust of wind.
The water elemental is knocked back by the gust of wind.
The merfolk is knocked back by the gust of wind.
The death yak is knocked back by the gust of wind.
The water elemental is engulfed in calcifying dust.
The water elemental is moving more slowly.
Unknown command.
Okay, then.
You feel much better.
The water elemental stops moving altogether!
Okay, then.
Unknown command.
Unknown command.
As you read the scroll of teleportation, it crumbles to dust.
You feel strangely unstable. The wind drake flaps its wings at you.
The air twists around and strikes you!
* * * LOW HITPOINT WARNING * * *
The snapping turtle is engulfed in calcifying dust.
The snapping turtle is moving more slowly.
The catoblepas breathes a plume of calcifying dust at you.
The blast of calcifying dust hits you but does no damage.
The wind drake flaps its wings at you. The air twists around and strikes you.
* * * LOW HITPOINT WARNING * * *
The wind drake flaps its wings at you. The air twists around and strikes you.
* * * LOW HITPOINT WARNING * * *
The catoblepas breathes a plume of calcifying dust at you.
The blast of calcifying dust hits you but does no damage.
The death yak is engulfed in calcifying dust.
The death yak is moving more slowly.
You block the snapping turtle's attack. The wind drake flaps its wings at you.
The air twists around and strikes you!
* * * LOW HITPOINT WARNING * * *
You block the merfolk's attack.
The water nymph gestures at you while chanting.
The water rises up and strikes you.
Your surroundings suddenly seem different. 2 dream sheep and a harpy come into view.
The dream sheep bleats! x2; The harpy screeches!
You hear a screech! x2
A harpy comes into view. x2
The dream sheep shake their wool and sparkle.
You feel drowsy...
You fall asleep.
The harpy claws you but does no damage. The harpy barely misses you.
The harpy moves out of view.
The harpy screeches!
The harpy claws you but does no damage. The harpy barely misses you.
A harpy comes into view.
The harpy screeches! x2
The harpy completely misses you. The harpy claws you!!
You die...

~ , # * , ~~ ,
# ~ , ...~~~ ~
. * ...Y~ ~ ~ ,
#####..~H~ ~
####....YH~H~~
..........~~~ ~
..#.~..H.~~≈≈ ~
, ~
....~.@~~~~≈~ ,
,
,...~≈.....~~~
, , *
,##.~..#..~~≈≈
,, #.... ..~≈≈≈
, .....~
..~≈~~~ ~
≈~#..~ ~~~≈≈~ ,
,..~.~~~~~≈≈~≈~
, ~ ~ ~


You could see 4 harpies and 2 dream sheep.

Vanquished Creatures
  Vashnia (Snake:4)
  4 nagarajas
  An ettin (Orc:2)
  2 fire dragons (Lair:5)
  3 salamander tyrants (Snake:4)
  4 hydras
  Erica (Lair:1)
  12 anacondas
  3 catoblepae
  2 merfolk aquamancers (Shoals:2)
  2 boulder beetles
  7 two-headed ogres
  10 death yaks
  7 naga sharpshooters
  12 naga warriors
  3 orc high priests (Orc:2)
  Sonja (Lair:5)
  5 shock serpents
  A hell knight (Volcano)
  3 skysharks
  2 salamander mystics (Volcano)
  A skeletal warrior (D:12)
  3 sea snakes
  Amaemon (Lair:1)
  6 mana vipers
  A swamp dragon (Lair:5)
  7 naga ritualists (Snake:4)
  6 orc knights
  3 lindwurms
  4 orc sorcerers (Orc:2)
  An ugly thing (D:12)
  5 cyclopes
  3 manticores
  10 salamanders
  3 fauns (Shoals:1)
  13 elephants
  3 kobold blastminers
  A merfolk siren (Shoals:1)
  8 guardian serpents (Snake:4)
  4 molten gargoyles (Volcano)
  7 naga magi
  27 black mambas
  12 cane toads
  A gargoyle (D:11)
  5 torpor snails (Lair:5)
  An orange demon (Lair:1)
  Maggie (D:10)
  3 unseen horrors (D:12)
  A kobold demonologist (D:12)
  9 rime drakes
  5 komodo dragons
  An efreet (Volcano)
  3 red devils (D:12)
  5 trolls
  A wind drake (Shoals:2)
  2 polar bears
  7 hornets
  3 tyrant leeches (Lair:5)
  17 blink frogs
  A snapping turtle (Lair:3)
  A dream sheep (Lair:5)
  Sigmund (D:4)
  A shadow (D:10)
  A wraith (D:12)
  A vampire (D:10)
  4 wyverns
  6 water elementals
  2 basilisks
  70 yaks
  2 vampire mosquitoes (D:12)
  8 steam dragons
  2 wargs (Orc:2)
  26 nagas
  6 acid dragons
  12 water moccasins
  22 orc warriors
  2 swamp drakes (Lair:5)
  A black bear (D:4)
  4 ogres
  2 ice beasts (D:5)
  6 centaurs
  2 phantoms
  7 kobold brigands
  Blork the orc (D:5)
  11 bullfrogs
  A gnoll sergeant (D:12)
  2 scorpions
  8 wights
  14 killer bees
  7 electric eels
  6 howler monkeys
  A bombardier beetle (D:6)
  4 hounds
  3 jellies
  18 orc priests
  A gnoll bouda (D:5)
  8 iguanas
  15 orc wizards
  8 hell rats
  15 gnolls
  10 adders
  3 river rats
  A shadow imp (D:5)
  3 white imps
  14 dart slugs
  6 ribbon worms
  106 orcs
  14 ball pythons
  16 endoplasms
  12 giant cockroaches
  11 goblins
  5 hobgoblins
  8 jackals
  7 quokkas
  9 bats
  4 frilled lizards
  20 kobolds
  10 rats
852 creatures vanquished.

Vanquished Creatures (others)
  Polyphemus (Shoals:2)
  A naga ritualist (Snake:4)
  A naga (Snake:4)
  An iguana (Lair:5)
4 creatures vanquished.

Grand Total: 856 creatures vanquished

Notes
Turn   | Place    | Note
-------+----------+-------------------------------------------
     0 | D:1      | Flugkiller the Minotaur Fighter began the quest for the
                  | Orb.
     0 | D:1      | Reached XP level 1. HP: 19/19 MP: 0/0
    77 | D:1      | Reached XP level 2. HP: 27/27 MP: 1/1
   423 | D:1      | Found Umaeg's Distillery.
   452 | D:1      | Reached XP level 3. HP: 29/33 MP: 2/2
   926 | D:2      | Reached XP level 4. HP: 41/41 MP: 3/3
  2762 | D:3      | Reached skill level 5 in Fighting
  2903 | D:4      | Noticed a black bear
  2905 | D:4      | Noticed a phantom
  2909 | D:4      | Killed a black bear
  2910 | D:4      | Reached XP level 5. HP: 36/48 MP: 4/4
  2914 | D:4      | Killed a phantom
  2915 | D:4      | Reached skill level 5 in Axes
  2915 | D:4      | Reached XP level 6. HP: 44/57 MP: 5/5
  3232 | D:4      | Found a hide-covered altar of Uskayaw.
  3249 | D:4      | Noticed Sigmund
  3257 | D:4      | Killed Sigmund
  3258 | D:4      | Reached skill level 5 in Armour
  3258 | D:4      | Reached skill level 5 in Shields
  3258 | D:4      | Reached XP level 7. HP: 42/64 MP: 6/6
  3353 | D:4      | Found a glowing golden altar of the Shining One.
  3398 | D:4      | Found a transporter.
  3407 | D:4      | Noticed an ancient zyme
  3433 | D:4      | Found a transporter.
  3453 | D:4      | Found a one-way gate to the infinite horrors of the Abyss.
  3453 | D:4      | Noticed Daviar's ghost (weakling HuDe)
  4033 | D:4      | Gained mutation: You passively map a small area around you.
                  | [potion of mutation]
  4185 | D:5      | Entered Level 5 of the Dungeon
  4214 | D:5      | Noticed Blork the orc
  4227 | D:5      | Killed Blork the orc
  4471 | D:5      | Found a basalt altar of Yredelemnul.
  4474 | D:5      | Reached XP level 8. HP: 64/73 MP: 7/7
  5582 | D:6      | Found a staircase to the Ecumenical Temple.
  5608 | Temple   | Entered the Ecumenical Temple
  5639 | Temple   | Became a worshipper of Cheibriados the Contemplative
  5823 | D:6      | Found a glowing drain.
  5830 | Sewer    | Entered a sewer
  5887 | Sewer    | Reached * piety under Cheibriados
  6085 | Sewer    | Reached ** piety under Cheibriados
  6128 | Sewer    | Reached XP level 9. HP: 73/83 MP: 8/8
  6159 | Sewer    | Identified the +8 flail of Indomitability {drain, Int+4}
  6166 | Sewer    | Identified the +0 leather armour of the Lonely Tusks {rF+++
                  | Int+5 Dex-4}
  6373 | D:6      | Found a burning altar of Makhleb.
  6617 | D:7      | Reached skill level 1 in Invocations
  6873 | D:7      | Reached *** piety under Cheibriados
  7482 | D:8      | Found Caefaics's Jewellery Emporium.
  7482 | D:8      | Found Peluam's Magic Scroll Boutique.
  7812 | D:8      | Bought a scroll of revelation for 75 gold pieces
  7843 | D:8      | Reached skill level 10 in Fighting
  7853 | D:8      | Noticed a two-headed ogre
  7861 | D:8      | Killed a two-headed ogre
  7862 | D:8      | Reached skill level 10 in Axes
  7862 | D:8      | Reached XP level 10. HP: 48/94 MP: 9/11
  8009 | D:8      | Found an ornate altar of the Wu Jian Council.
  8068 | D:8      | Reached **** piety under Cheibriados
  9545 | D:9      | Noticed a manticore
  9552 | D:9      | Killed a manticore
  9811 | D:9      | Found Diutuq's Weapon Shop.
  9838 | D:9      | Reached ***** piety under Cheibriados
  9995 | D:10     | Entered Level 10 of the Dungeon
 10106 | D:10     | Noticed a two-headed ogre
 10112 | D:10     | Killed a two-headed ogre
 10113 | D:10     | Reached XP level 11. HP: 100/104 MP: 13/13
 10169 | D:10     | Found a flagged portal.
 10178 | Bailey   | Entered a bailey
 10200 | Bailey   | Reached skill level 1 in Dodging
 10419 | Bailey   | Noticed an orc knight
 10425 | Bailey   | Killed an orc knight
 10436 | Bailey   | Identified the ring of Atukkisk {Fire SInv Stlth+}
 10530 | Bailey   | Acquired a manual of Armour
 10564 | D:10     | Noticed Maggie
 10571 | D:10     | Killed Maggie
 10623 | D:10     | Identified the ring of Suspected Treachery {rElec rF+ EV+5
                  | Dex+3}
 10678 | D:10     | Noticed a two-headed ogre
 10681 | D:10     | Killed a two-headed ogre
 10682 | D:10     | Reached skill level 5 in Invocations
 11258 | D:11     | Noticed a two-headed ogre
 11260 | D:11     | Noticed a death yak
 11263 | D:11     | Killed a two-headed ogre
 11268 | D:11     | Noticed a death yak
 11269 | D:11     | Reached ****** piety under Cheibriados
 11269 | D:11     | Noticed a death yak
 11273 | D:11     | Killed a death yak
 11274 | D:11     | Reached skill level 10 in Armour
 11279 | D:11     | Killed a death yak
 11280 | D:11     | Found a staircase to the Lair.
 11283 | D:11     | Killed a death yak
 11501 | D:11     | Reached XP level 12. HP: 93/115 MP: 15/15
 11826 | D:11     | Found Lastry's Gadget Gallery.
 12207 | D:11     | Found a staircase to the Orcish Mines.
 12632 | D:11     | Reached skill level 10 in Shields
 12931 | Lair:1   | Entered Level 1 of the Lair of Beasts
 13019 | Lair:1   | Found a dark tunnel.
 13028 | Volcano  | Entered a volcano
 13069 | Volcano  | Reached skill level 5 in Dodging
 13233 | Volcano  | Noticed an orb of fire
 13301 | Volcano  | Noticed an orb of fire
 13862 | Lair:1   | Noticed a catoblepas
 13867 | Lair:1   | Killed a catoblepas
 13868 | Lair:1   | Reached XP level 13. HP: 125/125 MP: 17/17
 13939 | Lair:1   | Noticed Erica
 13947 | Lair:1   | Killed Erica
 13993 | Lair:1   | Noticed Amaemon
 14003 | Lair:1   | Killed Amaemon
 14888 | Lair:2   | Found a transporter.
 14914 | Lair:2   | Found a transporter.
 14927 | Lair:2   | Noticed Zoobame's ghost (journeyman DEHW)
 15602 | Lair:3   | Reached skill level 15 in Fighting
 15781 | Lair:3   | Reached skill level 15 in Axes
 16045 | Lair:3   | Found a staircase to the Snake Pit.
 16066 | Lair:3   | Identified the +11 tower shield of Indecent Exposure {Int+3
                  | Dex+2 Stlth+}
 16265 | Lair:3   | Found a staircase to the Shoals.
 17070 | Lair:4   | Reached XP level 14. HP: 136/136 MP: 18/18
 17577 | Lair:5   | Entered Level 5 of the Lair of Beasts
 17791 | Lair:5   | Acquired the amulet "Ponisoup" {rElec rPois rC+++ Regen+
                  | MP-9}
 17792 | Lair:5   | Acquired a manual of Shields
 18027 | Lair:5   | Noticed Sonja
 18028 | Lair:5   | Killed Sonja
 18175 | Lair:5   | Found a runed translucent door.
 18175 | Lair:5   | Noticed an acid blob
 18296 | Lair:5   | Found a viscous altar of Jiyva.
 18297 | Lair:5   | Noticed an acid blob
 18401 | Lair:5   | Found a staircase to the Slime Pits.
 18700 | Lair:5   | Reached skill level 15 in Armour
 19529 | D:12     | Reached skill level 1 in Spellcasting
 19529 | D:12     | Reached XP level 15. HP: 146/146 MP: 11/20
 20251 | Orc:1    | Entered Level 1 of the Orcish Mines
 20559 | Orc:2    | Entered Level 2 of the Orcish Mines
 20730 | Orc:2    | Found a staircase to the Elven Halls.
 20905 | Orc:2    | Paralysed by an orc sorcerer for 4 turns
 21012 | Orc:2    | Found Ydoc's Weapon Shop.
 21012 | Orc:2    | Found Xixontaa's Book Emporium.
 21014 | Orc:2    | Found Fypedeil's Book Shop.
 21014 | Orc:2    | Found Qaklev's Distillery.
 21023 | Orc:2    | Bought a potion of heal wounds for 70 gold pieces
 21023 | Orc:2    | Bought a potion of heal wounds for 70 gold pieces
 21023 | Orc:2    | Bought a potion of heal wounds for 70 gold pieces
 21023 | Orc:2    | Bought a potion of mutation for 112 gold pieces
 21452 | Snake:1  | Entered Level 1 of the Snake Pit
 21524 | Snake:1  | Noticed a nagaraja
 21537 | Snake:1  | Killed a nagaraja
 21903 | Snake:3  | Found Qaonteri's General Store.
 21909 | Snake:4  | Entered Level 4 of the Snake Pit
 21963 | Snake:4  | Noticed a nagaraja
 21974 | Snake:4  | Killed a nagaraja
 22056 | Snake:4  | Reached XP level 16. HP: 125/155 MP: 13/22
 22091 | Snake:4  | Reached skill level 10 in Dodging
 22104 | Snake:4  | Reached skill level 10 in Invocations
 22106 | Snake:4  | Reached skill level 15 in Shields
 22184 | Snake:4  | Noticed Vashnia
 22588 | Snake:4  | Killed Vashnia
 22603 | Snake:4  | Got a jade gem with 793 turns to spare
 22614 | Snake:4  | Got a serpentine rune of Zot
 22859 | Shoals:1 | Entered Level 1 of the Shoals
 22920 | Shoals:2 | Noticed Polyphemus
 22935 | Shoals:2 | Killed Polyphemus
 22959 | Shoals:2 | Slain by a harpy

Illustrated notes

Levels and vault maps discovered:
D:1:      wander_arrival_chamber, layout_basic, serial_shops, shop,
          minmay_misc_feat_rugged
D:2:      layout_loops_ring
D:3:      layout_loops_corners, serial_co_window_serial, co_window_paths_a,
          co_window_paths_a, co_window_corner_a, co_window_of_opportunity_a,
          co_window_cross_1, co_window_unsneaky_path_e, co_window_cross_3,
          co_window_2corner, co_window_corner_b, co_window_4corner_b,
          glass_columns_a, glass_columns_a, minmay_fountain_box,
          minmay_misc_feat_cross, serial_bayou_crossing
D:4:      layout_rooms, nicolae_uskayaw_dance_hall, tso_metal_star,
          gammafunk_ghost_abyssal_escape, serial_rivers,
          chequers_serial_rivers_micro_b, chequers_serial_rivers_micro_d,
          chequers_serial_rivers_small_b, chequers_serial_rivers_large_a,
          chequers_serial_rivers_marsh, hangedman_abyss_or_decor_slice,
          uniq_sigmund
D:5:      layout_basic, mainiacjoe_overflow_cross_hatched, uniq_blork_the_orc
D:6:      layout_basic, lightli_temple_of_fire, minmay_temple_entry_ruins,
          lightli_sewer_entry_pipes, kennysheep_small_circle
D:7:      cheibrodos_steamvent, layout_rooms, mrwooster_statue_mirror,
          corner_web_ring
D:8:      layout_basic, mainiacjoe_overflow_six_doors_small,
          nicolae_wooded_promenade
D:9:      layout_basic, serial_shops, shop_fountains
D:10:     layout_long_grid, enter_bailey_4, special_room [special_room_orc],
          nicolae_figureground_sparkle, uniq_maggie
D:11:     layout_layer_cave, dpeg_lair_monsters, erik_orc_2,
          nicolae_shop_gadgets
D:12:     layout_basic, amcnicky_mini_rare_corridor_liquid, grunt_ministairs_8,
          st_stairs_4, einodemon_armed_red_devil_minivault
Temple:   minmay_crystal_spiral_temple
Lair:1:   layout_chaotic_city, nicolae_volcano_entry_vermiform, uniq_amaemon,
          uniq_erica
Lair:2:   layout_hall_layers, nzn_ghost_randoct
Lair:3:   layout_loops_ring, minmay_shoals_entry_hut,
          minmay_snake_entry_guardpost_medium, infiniplex_staircase_pool_2,
          serial_bayou_shore_b
Lair:4:   layout_regular_city, minmay_stone_trees_medium,
          hangedman_lair_generics_rect
Lair:5:   wormcave, layout_regular_city, guppyfry_lair_end_dragon,
          slime_entry_2, st_stairs_13, serial_bayou_lake_a,
          serial_bayou_shore_b, grunt_megastairs_4, infiniplex_staircase_pool,
          uniq_sonja
Shoals:1: layout_shoals
Shoals:2: layout_shoals, nicolae_shoals_arrival_archipelago, uniq_polyphemus,
          uniq_aizul
Snake:1:  layout_basic, minmay_shop_star, grunt_megastairs_5,
          serial_bayou_shore_a
Snake:2:  layout_rooms, lemuel_fruit_tree
Snake:3:  kennysheep_six_static_rooms, layout_basic, nicolae_stop_n_shop_2
Snake:4:  grunt_snake_rune_serpentine_throne, layout_misc_corridors,
          nicolae_snake_squiggles, nicolae_snake_linked_coils
Orc:1:    layout_caves
Orc:2:    grunt_orc_tribal_feast, layout_diamond_mine

Skill      XL: |  1  2  3  4  5  6  7  8  9 10 11 12 13 14 15 16 |
---------------+-------------------------------------------------+-----
Fighting       | 4 5 6 7 9 10 11 13 14 15 16 17 18 | 18.2
Axes           | 3 4 5 6 8 10 11 12 14 15 16 18 | 18.0
Shields        | 4 5 6 7 8 9 10 11 12 14 16 | 16.2
Armour         | 4 5 6 7 8 10 12 13 15 16 17 | 17.5
Invocations    | 2 4 5 6 7 8 9 10 | 10.7
Dodging        | 3 5 7 8 9 11 | 11.0
Spellcasting   | 1 2 4 |  4.2

Action                     |  1- 3 |  4- 6 |  7- 9 | 10-12 | 13-15 | 16-18 || total
---------------------------+-------+-------+-------+-------+-------+-------++-------
  Melee: War axe           |    68 |    91 |   271 |       |       |       ||   430
         Headbutt          |     2 |    14 |    52 |    88 |   223 |    58 ||   437
         Broad axe         |       |       |    27 |   426 |   762 |   206 ||  1421
 Invoke: Slouch            |       |       |       |     2 |     7 |     6 ||    15
         Temporal Distorti |       |       |       |       |       |     3 ||     3
    Use: Potion            |       |       |     7 |       |       |     4 ||    11
         Scroll            |       |       |    11 |     6 |     8 |     3 ||    28
   Stab: Petrified         |       |       |       |       |     4 |       ||     4
 Armour: Scale mail        |    42 |    65 |    12 |       |       |       ||   119
         Chain mail        |       |       |    46 |       |       |       ||    46
         Plate armour      |       |       |   159 |   125 |       |       ||   284
         Crystal plate arm |       |       |       |   105 |   471 |   124 ||   700
  Dodge: Dodged            |    14 |    23 |    47 |    89 |   366 |    99 ||   638
  Block: Buckler           |     3 |       |       |       |       |       ||     3
         Tower shield      |    31 |    60 |   321 |   470 |  1135 |   450 ||  2467
